 Dungeon Crawl Stone Soup version 0.31-a0-133-gaae73658be (webtiles) character file.

Game seed: 12347302588708486508

30 Iich the Trooper (level 3, 0/29 HPs)
             Began as a Demonspawn Fighter on June 2, 2023.
             Slain by an adder (3 damage)
             ... on level 2 of the Dungeon.
             The game lasted 00:00:56 (691 turns).

Iich the Trooper (Demonspawn Fighter)                Turns: 691, Time: 00:00:56

Health: 0/29       AC:  6    Str: 16    XL:     3   Next: 5%
Magic:  3/3        EV:  8    Int:  9    God:
Gold:   105        SH:  4    Dex: 14    Spells: 2/2 levels left

rFire   . . .        a - +0 war axe
rCold   . . .        c - +0 buckler
rNeg    . . .        b - +0 scale mail
rPois   .            (no helmet)
rElec   .            (no cloak)
rCorr   .            (no gloves)
SInv    .            (no boots)
Will    .....        (no amulet) Stlth
                     (no ring)
HPRegen 0.24/turn    (no ring)
MPRegen 0.16/turn

%: no passive effects
@: no status effects
A: magic regeneration
a: no special abilities


You were on level 2 of the Dungeon.
You visited 1 branch of the dungeon, and saw 2 of its levels.

You collected 105 gold pieces.

Inventory:

Hand Weapons
 a - a +0 war axe (weapon)
Armour
 b - a +0 scale mail (worn)
 c - a +0 buckler (worn)
Scrolls
 e - a scroll of identify {unknown}
 g - a scroll of poison {unknown}
 h - a scroll of acquirement {unknown}
Potions
 d - a potion of might
 f - a potion of heal wounds {unknown}


   Skills:
 + Level 3.4 Fighting
 * Level 2.8 Axes
 - Level 2.6 Armour
 - Level 2.6 Shields


You had 2 spell levels left.
You didn't know any spells.
Your spell library contained the following spells:

 Spells                   Type           Power      Damage    Failure   Level
 Necrotise                Necr           0%         1d4       88%         1
 Vampiric Draining        Necr           0%         2d6       99%         3
 Agony                    Necr           0%         N/A       100%        5


Dungeon Overview and Level Annotations

Branches:
Dungeon (2/15)

Altars:


Innate Abilities, Weirdness & Mutations

You regenerate magic rapidly.


Message History

The adder bites you but does no damage. The adder barely misses you.
The adder bites you but does no damage. The adder bites you but does no damage.
You block the adder's attack. The adder barely misses you. The adder bites you.
You take 3 damage, and have 15/29 hp.
The adder bites you but does no damage. x2
The adder bites you but does no damage. The adder bites you but does no damage.
The adder bites you.
You are poisoned.
The adder poisons you! The adder bites you but does no damage.
You take 2 damage, and have 14/29 hp.
You feel sick. The adder closely misses you.
You take 1 damage, and have 13/29 hp.
You feel sick. The adder closely misses you.
You take 1 damage, and have 12/29 hp.
You feel sick. The adder bites you.
* * * LOW HITPOINT WARNING * * *
You feel sick.
The adder bites you but does no damage. x2
You take 4 damage, and have 8/29 hp.
You feel sick.
You are no longer poisoned.
The adder bites you but does no damage.
You take 1 damage, and have 7/29 hp.
The adder bites you but does no damage. You block the adder's attack.
The adder bites you but does no damage. The adder bites you but does no damage.
The adder bites you but does no damage. You block the adder's attack.
The adder bites you.
* * * LOW HITPOINT WARNING * * *
The adder bites you but does no damage.
You take 2 damage, and have 6/29 hp.
The adder bites you.
* * * LOW HITPOINT WARNING * * *
You take 3 damage, and have 3/29 hp.
The adder bites you but does no damage. The adder bites you but does no damage.
The adder bites you.
You die...

#....##.##....#.......#
#....+.............##.##
#....##.#.>........<....
####............#####.##
###.#.....#.........
#.#.....#..####.##
####.#...#.#...#...#
#..S.....#.....#.###
#@##..####.##.#
#.#...........#
#.###.###.#####
#.....#...# #######.#.#
#.### #.# #.# #.#


You could see an adder.

Vanquished Creatures
  An adder (D:2)
  A dart slug (D:1)
  2 endoplasms (D:1)
  A giant cockroach (D:1)
  4 goblins
  A hobgoblin (D:1)
  2 bats (D:1)
  4 frilled lizards
  2 kobolds (D:1)
  3 rats
21 creatures vanquished.

Notes
Turn   | Place    | Note
-------+----------+-------------------------------------------
     0 | D:1      | Iich the Demonspawn Fighter began the quest for the Orb.
     0 | D:1      | Reached XP level 1. HP: 18/18 MP: 1/1
   213 | D:1      | Gained mutation: You regenerate magic rapidly. [demonic
                  | ancestry]
   213 | D:1      | Reached XP level 2. HP: 24/24 MP: 2/2
   552 | D:2      | Reached XP level 3. HP: 18/29 MP: 3/3
   691 | D:2      | Slain by an adder

Illustrated notes

Levels and vault maps discovered:
D:1:      ebering_trefoil_3fold, layout_basic, minmay_surrounded
D:2:      layout_basic, uniq_natasha

Skill      XL: |  1 |
---------------+----+-----
Axes           | 2 |  2.8
Fighting       | |  3.4
Armour         | |  2.6
Shields        | |  2.6

Action                     || total
---------------------------++-------
  Melee: War axe           ||    55
 Armour: Scale mail        ||    59
  Dodge: Dodged            ||    44
  Block: Buckler           ||    28

Table legend: (Time is in decaauts)
 A = Elapsed time spent in this place.
 B = Non-inter-level travel time spent in this place.
 C = Inter-level travel time spent in this place.
 D = Time resting spent in this place.
 E = Time spent auto-exploring this place.
 F = Levels seen in this place.
 G = Mean time per level.
                   A        B        C        D        E       F      G
               +--------+--------+--------+--------+--------+-----+--------+
         Total |    714 |    707 |      7 |      0 |    517 |   2 |  357.0 |
       Dungeon |    714 |    707 |      7 |      0 |    517 |   2 |  357.0 |
               +--------+--------+--------+--------+--------+-----+--------+

Top non-repeatable levels by time:
     D:1: 540 daAuts
     D:2: 173 daAuts
